 Dungeon Crawl Stone Soup version 0.30-a0-779-g7971cf19c3 (webtiles) character file.

Game seed: 16329101122804121518

130 Leeroy the Slasher (level 5, 0/26 HPs)
             Began as a Vine Stalker Warper on Feb 17, 2023.
             Slain by a river rat (7 damage)
             ... on level 4 of the Dungeon.
             The game lasted 00:02:22 (1788 turns).

Leeroy the Slasher (Vine Stalker Warper)            Turns: 1788, Time: 00:02:22

Health: 0/26       AC:  3    Str: 13    XL:     5   Next: 13%
Magic:  0/9        EV: 11    Int: 13    God:
Gold:   170        SH:  0    Dex: 16    Spells: 0/8 levels left

rFire   . . .      SeeInvis .    a - +0 falchion
rCold   . . .      Faith    .    (no shield)
rNeg    . . .      Spirit   +    b - +0 leather armour
rPois   .          Reflect  .    (no helmet)
rElec   .          Harm     .    (no cloak)
rCorr   .          Rampage  .    (no gloves)
Will    .....                    (no boots)
Stlth   +                        (no amulet)
HPRegen 1.04/turn                (no ring)
MPRegen 0.11/turn                (no ring)

@: no status effects
A: fangs 2, regeneration 1, magic shield, antimagic bite, no potion heal 2
a: no special abilities


You were on level 4 of the Dungeon.
You visited 1 branch of the dungeon, and saw 4 of its levels.

You collected 170 gold pieces.

Inventory:

Hand Weapons
 a - a +0 falchion (weapon)
Missiles
 d - 7 boomerangs of dispersal (quivered)
Armour
 b - a +0 leather armour (worn)
Jewellery
 j - a +6 ring of strength
 q - a ring of see invisible
Wands
 t - a wand of paralysis (14)
Scrolls
 c - a scroll of blinking
 e - 2 scrolls of poison {unknown}
 f - a scroll of vulnerability {unknown}
 g - a scroll of acquirement {unknown}
 h - a scroll of magic mapping {unknown}
 i - 2 scrolls of teleportation {unknown}
 k - a scroll of fog {unknown}
 m - a scroll of identify {unknown}
 n - 2 scrolls of enchant armour {unknown}
 o - a scroll of fear {unknown}
 r - a scroll of butterflies {unknown}
Potions
 l - 2 potions of invisibility {unknown}
 p - 2 potions of berserk rage {unknown}
 s - a potion of haste {unknown}


   Skills:
 - Level 1.7 Fighting
 + Level 4.7 Long Blades
 - Level 0.8 Throwing
 - Level 0.7 Armour
 - Level 1.5 Dodging
 - Level 2.1 Spellcasting
 - Level 3.0 Translocations


You couldn't memorise any spells.
You knew the following spells:

 Your Spells              Type           Power      Damage    Failure   Level
a - Blink                 Tloc           18%        N/A       14%         2
b - Vhi's Electric Charg  Tloc/Air       10%        N/A       45%         3
c - Dazzling Flash        Conj/Hex       2%         N/A       67%         3

Your spell library contained the following spells:

 Spells                   Type           Power      Damage    Failure   Level
 Lesser Beckoning         Tloc           18%        N/A       14%         2
 Teleport Other           Tloc           9%         N/A       28%         3
 Manifold Assault         Tloc           9%         N/A       67%         4
 Iskenderun's Mystic Bla  Conj/Tloc      5%         2d3       86%         4
 Animate Dead             Necr           1%         N/A       97%         4
 Starburst                Conj/Fire      0%         6d3       100%        6
 Haunt                    Necr/Summ      0%         N/A       100%        7
 Infestation              Necr           0%         N/A       100%        8


Dungeon Overview and Level Annotations

Branches:
Dungeon (4/15)
 Temple: D:4-7

Altars:
Vehumet


Innate Abilities, Weirdness & Mutations

You have extremely sharp teeth.
Your natural rate of healing is unusually fast.
When hurt, damage is shared between your health and your magic reserves.
Your bite disrupts and absorbs the magic of your enemies.
Potions cannot restore your health.


Message History

You hit the river rat but do no damage. Your bite misses the river rat.
The river rat bites you.
You are too injured to fight recklessly!
You are too injured to fight recklessly!
You are too injured to fight recklessly!
You closely miss the river rat. The river rat barely misses you.
You hit the river rat but do no damage. Your bite misses the river rat.
The river rat bites you. The river rat barely misses you.
You see here a quokka corpse.
The river rat barely misses you. The river rat attacks as you move away!
The river rat barely misses you.
You barely miss the river rat. The river rat bites you.
You hit the river rat but do no damage. The river rat barely misses you.
You barely miss the river rat.
You bite the river rat, but do no damage.
The river rat closely misses you.
You barely miss the river rat. The river rat bites you.
The river rat bites you!
You closely miss the river rat. Your bite misses the river rat.
The river rat bites you.
* * * LOW HITPOINT WARNING * * *
You hit the river rat.
The river rat is heavily wounded.
The river rat closely misses you.
You hit the river rat but do no damage.
You bite the river rat, but do no damage.
The river rat is heavily wounded.
The river rat barely misses you.
You closely miss the river rat.
The river rat is heavily wounded.
The river rat barely misses you.
You hit the river rat but do no damage. Your bite misses the river rat.
The river rat is heavily wounded.
The river rat bites you.
* * * LOW HITPOINT WARNING * * *
You closely miss the river rat.
The river rat is heavily wounded.
The river rat bites you!
You die...

##.# ##.## ##..#
#.)## #..## .
#...#..##
##.......#
#~########.........
#~.~.~†r@#...##...
##########........
.......s. .##....#
. ....# #. .....
..##


You could see a river rat.

Vanquished Creatures
  An orc priest (D:3)
  An orc wizard (D:3)
  2 adders (D:2)
  A worm (D:2)
  A dart slug (D:1)
  An orc (D:3)
  2 endoplasms
  2 giant cockroaches
  5 goblins
  5 hobgoblins
  3 jackals (D:2)
  8 kobolds
  2 quokkas (D:4)
  5 ball pythons
  4 bats
  A frilled lizard (D:2)
  4 rats
48 creatures vanquished.

Notes
Turn   | Place    | Note
-------+----------+-------------------------------------------
     0 | D:1      | Leeroy the Vine Stalker Warper began the quest for the Orb.
     0 | D:1      | Reached XP level 1. HP: 11/11 MP: 4/4
    69 | D:1      | Reached skill level 2 in Long Blades
   216 | D:1      | Reached XP level 2. HP: 12/15 MP: 6/6
   716 | D:2      | Reached skill level 3 in Long Blades
   716 | D:2      | Reached XP level 3. HP: 14/18 MP: 7/7
   856 | D:2      | Found a radiant altar of Vehumet.
  1152 | D:2      | Gained mutation: Your natural rate of healing is unusually
                  | fast. [Vine Stalker growth]
  1152 | D:2      | Reached XP level 4. HP: 21/23 MP: 8/8
  1309 | D:3      | Reached skill level 4 in Long Blades
  1327 | D:3      | Reached XP level 5. HP: 15/26 MP: 5/9
  1564 | D:3      | Learned a level 2 spell: Blink
  1568 | D:3      | Learned a level 3 spell: Vhi's Electric Charge
  1572 | D:3      | Learned a level 3 spell: Dazzling Flash
  1712 | D:3      | Found a faded altar of an unknown god.
  1788 | D:4      | Slain by a river rat

Illustrated notes

Levels and vault maps discovered:
D:1:      minmay_arrival_four_houses, layout_loops_cross
D:2:      layout_basic, basic_altar
D:3:      minmay_angry_zag, layout_basic, hellmonk_ecumenical_altar_heavens_door
D:4:      layout_layer_cave, nicolae_dithmenos_through_a_glass_darkly,
          gup_sewer_entry_spiral, uniq_duvessa

Skill      XL: |  1  2  3  4 |
---------------+-------------+-----
Long Blades    | 2 3 4 |  4.7
Fighting       | |  1.7
Throwing       | |  0.8
Armour         | |  0.7
Dodging        | |  1.5
Spellcasting   | |  2.1
Translocations | |  3.0

Action                     |  1- 3 |  4- 6 || total
---------------------------+-------+-------++-------
  Melee: Falchion          |    80 |    78 ||   158
         Bite              |    29 |    14 ||    43
 Armour: Leather armour    |    27 |    19 ||    46
  Dodge: Dodged            |    40 |    33 ||    73

Table legend: (Time is in decaauts)
 A = Elapsed time spent in this place.
 B = Non-inter-level travel time spent in this place.
 C = Inter-level travel time spent in this place.
 D = Time resting spent in this place.
 E = Time spent auto-exploring this place.
 F = Levels seen in this place.
 G = Mean time per level.
                   A        B        C        D        E       F      G
               +--------+--------+--------+--------+--------+-----+--------+
         Total |   1809 |   1798 |     11 |      0 |   1406 |   4 |  452.2 |
       Dungeon |   1809 |   1798 |     11 |      0 |   1406 |   4 |  452.2 |
               +--------+--------+--------+--------+--------+-----+--------+

Top non-repeatable levels by time:
     D:1: 676 daAuts
     D:2: 591 daAuts
     D:3: 502 daAuts
     D:4: 39 daAuts
